 Dungeon Crawl Stone Soup version 0.24-a0-501-gc560d0b (webtiles) character file.

Game seed: 9687763844791988170

93 robbits the Fighter (level 4, 0/45 HPs)
             Began as a Gnoll Wanderer on July 15, 2019.
             Slain by a worm (10 damage)
             ... on level 2 of the Dungeon.
             The game lasted 00:01:51 (1307 turns).

robbits the Fighter (Gnoll Wanderer)                Turns: 1307, Time: 00:01:52

Health: 0/45       AC:  2    Str:  9 (11) XL:     4   Next: 61%
Magic:  5/5        EV: 16    Int: 13 (14) God:
Gold:   86         SH:  5    Dex: 17 (19) Spells: 5/5 levels left

rFire    . . .     SeeInvis .   a - +0 short sword
rCold    . . .     Gourm    .   c - +0 buckler
rNeg     . . .     Faith    .   d - +0 robe
rPois    .         Spirit   .   (no helmet)
rElec    .         Reflect  .   (no cloak)
rCorr    .         Harm     .   (no gloves)
MR       .....                  (no boots)
Stlth    ++........             (no amulet)
HPRegen  0.15/turn              (no ring)
MPRegen  0.09/turn              (no ring)

@: no status effects
A: distributed training, fangs 1, strong nose
a: no special abilities


You were on level 2 of the Dungeon.
You were near starving.

You visited 1 branch of the dungeon, and saw 3 of its levels.

You collected 86 gold pieces.

Inventory:

Hand Weapons
 a - a +0 short sword (weapon)
Armour
 c - a +0 buckler (worn)
 d - a +0 robe (worn)
Jewellery
 r - an uncursed ring of poison resistance {unknown}
Scrolls
 b - 2 scrolls of fear
 e - a scroll of teleportation {unknown}
 h - a scroll of identify {unknown}
 i - a scroll of amnesia {unknown}
 j - 2 scrolls of random uselessness {unknown}
 l - a scroll of enchant weapon {unknown}
 m - 2 scrolls of fog
 q - a scroll of remove curse {unknown}
Potions
 g - 2 potions of degeneration
 k - a potion of heal wounds
 n - 2 potions of invisibility {unknown}
 o - 2 potions of haste {unknown}
 p - 2 potions of cancellation {unknown}
 s - a potion of might {unknown}
 t - a potion of curing {unknown}
Comestibles
 f - 4 rations


   Skills:
 + Level 8.6 Fighting
 + Level 1.2 Short Blades
 + Level 1.2 Long Blades
 + Level 1.2 Axes
 + Level 1.2 Maces & Flails
 + Level 1.2 Polearms
 + Level 1.2 Staves
 + Level 1.2 Slings
 + Level 1.2 Bows
 + Level 1.2 Crossbows
 + Level 2.8 Throwing
 + Level 1.2 Armour
 + Level 6.6 Dodging
 + Level 1.2 Stealth
 + Level 2.8 Shields
 + Level 2.8 Unarmed Combat
 + Level 1.2 Spellcasting
 + Level 1.0 Conjurations
 + Level 1.0 Hexes
 + Level 1.0 Charms
 + Level 1.0 Summonings
 + Level 1.0 Necromancy
 + Level 1.0 Translocations
 + Level 1.0 Transmutations
 + Level 1.0 Fire Magic
 + Level 1.0 Ice Magic
 + Level 1.0 Air Magic
 + Level 1.0 Earth Magic
 + Level 1.0 Poison Magic
 + Level 1.3 Invocations
 + Level 1.2 Evocations


You had 5 spell levels left.
You didn't know any spells.
Your spell library was empty.

Dungeon Overview and Level Annotations

Branches:
Dungeon (3/15)

Altars:


Innate Abilities, Weirdness & Mutations

Your experience applies equally to all skills.
You have very sharp teeth.
Your uncanny sense of smell can sniff out nearby items.


Message History

You start resting.
The worm is too close now for your liking.
You are too injured to fight recklessly!
You are too injured to fight recklessly!
The worm completely misses you.
You hit the worm.
The worm is moderately wounded.
You hit the worm.
The worm is heavily wounded.
The worm bites you!
* * * LOW HITPOINT WARNING * * *
You hit the worm.
The worm is severely wounded.
The worm misses you.
You hit the worm but do no damage.
The worm is severely wounded.
You barely miss the worm.
The worm is severely wounded.
The worm bites you!
You die...

#############
#...........#
............#
............############
...............w@...>..#
............########.###
............# #.#
.####......### #.# .#
#........#######.# .#
#........+.......# .#
+........##.#.#### .#
##........+....# .#
#.........##...#


You could see a worm.

Vanquished Creatures
  A hound (D:2)
  An adder (D:2)
  An ooze (D:1)
  A worm (D:2)
  2 dart slugs
  A leopard gecko (D:1)
  2 ball pythons
  2 giant cockroaches
  6 goblins
  4 hobgoblins
  2 jackals (D:1)
  A quokka (D:2)
  5 bats
  3 frilled lizards (D:1)
  A kobold (D:1)
  5 rats
38 creatures vanquished.

Notes
Turn   | Place    | Note
-------+----------+-------------------------------------------
     0 | D:1      | robbits the Gnoll Wanderer began the quest for the Orb.
     0 | D:1      | robbits set off with the following items: a +0 short sword,
                  | 2 scrolls of fear, a +0 buckler, a +0 robe, a ration
     0 | D:1      | Reached XP level 1. HP: 26/26 MP: 1/1
    91 | D:1      | Reached XP level 2. HP: 26/33 MP: 2/2
   390 | D:1      | Reached XP level 3. HP: 38/38 MP: 3/3
   687 | D:2      | Reached skill level 1 in Short Blades
   687 | D:2      | Reached skill level 1 in Long Blades
   687 | D:2      | Reached skill level 1 in Axes
   687 | D:2      | Reached skill level 1 in Maces & Flails
   687 | D:2      | Reached skill level 1 in Polearms
   687 | D:2      | Reached skill level 1 in Staves
   687 | D:2      | Reached skill level 1 in Slings
   687 | D:2      | Reached skill level 1 in Bows
   687 | D:2      | Reached skill level 1 in Crossbows
   687 | D:2      | Reached skill level 1 in Armour
   687 | D:2      | Reached skill level 1 in Stealth
   687 | D:2      | Reached skill level 1 in Spellcasting
   687 | D:2      | Reached skill level 1 in Invocations
   687 | D:2      | Reached skill level 1 in Evocations
   687 | D:2      | Reached XP level 4. HP: 16/45 MP: 3/5
  1178 | D:2      | HP: 1/45 [worm (7)]
  1249 | D:2      | Reached skill level 1 in Conjurations
  1249 | D:2      | Reached skill level 1 in Hexes
  1249 | D:2      | Reached skill level 1 in Charms
  1249 | D:2      | Reached skill level 1 in Summonings
  1249 | D:2      | Reached skill level 1 in Necromancy
  1249 | D:2      | Reached skill level 1 in Translocations
  1249 | D:2      | Reached skill level 1 in Transmutations
  1249 | D:2      | Reached skill level 1 in Fire Magic
  1249 | D:2      | Reached skill level 1 in Ice Magic
  1249 | D:2      | Reached skill level 1 in Air Magic
  1249 | D:2      | Reached skill level 1 in Earth Magic
  1249 | D:2      | Reached skill level 1 in Poison Magic
  1307 | D:2      | Slain by a worm

Levels and vault maps discovered:
D:1:      minmay_arrival_stair_chambers, layout_basic
D:2:      layout_basic, lemuel_doored_altar, lemuel_coloured_pillars_altar,
          okawaru_altar_gauntlet_db, overflow_temple_1_default,
          minmay_randomly_rotated_circles
D:3:      layout_basic, nicolae_overflow_hidden_temple,
          gammafunk_temple_overflow_statue, first_ration,
          chequers_ecumenical_altar_simple_redux

Skill      XL: |  1  2  3  4 |
---------------+-------------+-----
Short Blades   | 1 |  1.2
Long Blades    | 1 |  1.2
Axes           | 1 |  1.2
Maces & Flails | 1 |  1.2
Polearms       | 1 |  1.2
Staves         | 1 |  1.2
Slings         | 1 |  1.2
Bows           | 1 |  1.2
Crossbows      | 1 |  1.2
Armour         | 1 |  1.2
Stealth        | 1 |  1.2
Spellcasting   | 1 |  1.2
Invocations    | 1 |  1.3
Evocations     | 1 |  1.2
Conjurations   | 1 |  1.0
Hexes          | 1 |  1.0
Charms         | 1 |  1.0
Summonings     | 1 |  1.0
Necromancy     | 1 |  1.0
Translocations | 1 |  1.0
Transmutations | 1 |  1.0
Fire Magic     | 1 |  1.0
Ice Magic      | 1 |  1.0
Air Magic      | 1 |  1.0
Earth Magic    | 1 |  1.0
Poison Magic   | 1 |  1.0
Fighting       | |  8.6
Throwing       | |  2.8
Dodging        | |  6.6
Shields        | |  2.8
Unarmed Combat | |  2.8

Action                   |  1- 3 |  4- 6 || total
-------------------------+-------+-------++-------
Melee: Short sword       |    94 |    92 ||   186
       Bite              |     7 |    17 ||    24
  Use: Scroll            |     1 |       ||     1
       Potion            |       |     2 ||     2
 Stab: Sleeping          |     4 |     2 ||     6
Armor: Robe              |     6 |     6 ||    12
Dodge: Dodged            |    77 |    63 ||   140
Block: Buckler           |    25 |    26 ||    51

Table legend:
 A = Non-vault XP
 B = Vault XP
 C = Vault XP percentage of total XP
 D = Non-vault monster count
 E = Vault monster count
 F = Vault count percentage of total count
                 A         B        C        D         E       F
            +---------+---------+-------+---------+---------+-------
      Total |     126 |       7 |   5.3 |      34 |       4 |  10.5
            +---------+---------+-------+---------+---------+-------
        D:1 |      37 |       0 |   0.0 |      18 |       0 |   0.0
        D:2 |      89 |       7 |   7.3 |      16 |       4 |  20.0
            +---------+---------+-------+---------+---------+-------
